 Dungeon Crawl Stone Soup version 0.29-a0-334-gb41bcbb86e (webtiles) character file.

Game seed: 5994667707739008801

6412 experimilk the Basher (level 10, 0/79 HPs)
             Began as a Palentonga Fighter on Apr 14, 2022.
             Was a Follower of Wu Jian.
             Slain by a slime creature (3 damage)
             ... on level 9 of the Dungeon.
             The game lasted 00:23:31 (10699 turns).

experimilk the Basher (Palentonga Fighter)         Turns: 10699, Time: 00:23:32

Health: 0/79       AC: 15    Str: 24    XL:     10   Next: 66%
Magic:  0/10       EV:  5    Int:  9    God:    Wu Jian [*.....]
Gold:   329        SH: 13    Dex:  9    Spells: 9/9 levels left

rFire   + . .      SeeInvis +   v - +5 flail of Intuition {freeze, rPois rCorr}
rCold   + . .      Faith    .   F - +2 tower shield {rC+}
rNeg    . . .      Spirit   +   I - +1 ring mail {rF+}
rPois   +          Reflect  .   f - +0 helmet
rElec   .          Harm     +   z - scarf {harm}
rCorr   +          Rampage  .   (no gloves)
Will    .....                   (no barding)
Stlth   ..........              s - amulet of guardian spirit
HPRegen 0.23/turn               (no ring)
MPRegen 0.12/turn               (no ring)

@: mighty, curled up
A: large, rugged brown scales 3, see invisible, deformed body, roll 1, armoured
tail, reflexive curl
a: Rolling Charge, Renounce Religion


You were on level 9 of the Dungeon.
You worshipped Wu Jian.
Wu Jian was aware of your devotion.
You visited 1 branch of the dungeon, and saw 9 of its levels.
You also visited: Ossuary.

You collected 524 gold pieces.
You spent 195 gold pieces at shops.

Inventory:

Hand Weapons
 v - the +5 flail of Intuition (weapon) {freeze, rPois rCorr}
   (You found it on level 6 of the Dungeon)

   It freezes those it strikes, dealing additional cold damage.
   It can also slow down cold-blooded creatures.
   rPois:     It protects you from poison.
   rCorr:     It protects you from acid and corrosion.
 C - a +1 flail of holy wrath
Missiles
 n - 15 poisoned darts (quivered)
 y - 3 atropa-tipped darts
Armour
 b - a +0 chain mail
 c - a +0 buckler
 f - a +0 helmet (worn)
 z - a scarf of harm (worn)
 F - a +2 tower shield of cold resistance (worn)
 H - a +2 hat
 I - a +1 ring mail of fire resistance (worn)
 N - a +0 plate armour of willpower
Jewellery
 j - a +6 ring of intelligence
 o - an amulet of magic regeneration
 s - an amulet of guardian spirit (around neck)
 B - a ring of magical power
 M - a +4 ring of slaying
Wands
 i - a wand of paralysis (5)
 w - a wand of acid (2)
 x - a wand of polymorph (11)
 G - a wand of charming (3)
 K - a wand of digging (12)
Scrolls
 e - a scroll of vulnerability {unknown}
 g - a scroll of fear {unknown}
 k - a scroll of torment {unknown}
 l - 2 scrolls of silence {unknown}
 m - 2 scrolls of immolation
 q - 2 scrolls of noise {unknown}
 r - a scroll of acquirement {unknown}
 t - a scroll of blinking
 u - a scroll of brand weapon
 A - a scroll of teleportation
 J - a scroll of enchant weapon {unknown}
 Q - a scroll of holy word {unknown}
Potions
 a - a potion of mutation {unknown}
 d - a potion of curing {unknown}
 h - 4 potions of lignification
 p - a potion of attraction {unknown}
 D - a potion of heal wounds
 E - a potion of resistance {unknown}
 L - a potion of cancellation {unknown}
Miscellaneous
 O - a condenser vane (inert)


   Skills:
 + Level 5.0 Fighting
 - Level 14.0 Maces & Flails
 + Level 4.1 Armour
 + Level 3.1 Shields
 * Level 5.0 Evocations


You had 9 spell levels left.
You didn't know any spells.
Your spell library contained the following spells:

 Spells                   Type           Power      Damage    Failure   Level
 Animate Skeleton         Necr           0%         N/A       99%         1
 Pain                     Necr           0%         1d4       99%         1
 Ensorcelled Hibernation  Hex/Ice        0%         N/A       100%        2
 Spider Form              Tmut/Pois      0%         N/A       100%        3
 Vampiric Draining        Necr           0%         2d6       100%        3
 Anguish                  Hex/Necr       0%         N/A       100%        4


Dungeon Overview and Level Annotations

Branches:
Dungeon (9/15)             Temple (0/1) D:6            Lair (0/6) D:9
Ossuary (visited)
    Orc: D:9-12

Altars:
Wu Jian
Xom

Shops:
D:8 [


Innate Abilities, Weirdness & Mutations

You are completely covered in rugged brown scales. (AC +3, +7% HP)
You have supernaturally acute eyesight. (SInv)
Armour fits poorly on your strangely shaped body.
You can roll at nearby foes to attack.
You have a long armoured tail.
You curl defensively after being hit. (AC +7*)


Message History

Pikel is wielding a +0 whip of flaming.
You bludgeon the kobold!! You freeze the kobold.
You kill the kobold!
The Council accepts your kill.
A slime creature comes into view.
The slime creature hits you but does no damage.
You thump the slime creature! You freeze the slime creature.
The slime creature is moderately wounded.
The slime creature hits you!
Two slime creatures merge to form a large slime creature.
You feel very mighty all of a sudden.
A lemure comes into view.
The slime creature hits you.
You closely miss Pikel. You block Pikel's attack.
A slime creature comes into view.
The slime creature hits you!
You barely miss Pikel. You block Pikel's attack. The slime creature hits you.
Unknown command.
You closely miss Pikel. Pikel barely misses you. The slime creature hits you!
Unknown command.
You hit Pikel. You freeze Pikel. You tail-slap Pikel!
Pikel is heavily wounded.
You block Pikel's attack. The slime creature hits you.
The lemure barely misses you.
Unknown command.
You sock Pikel! You freeze Pikel.
Pikel is almost dead.
You block Pikel's attack.
A large slime creature splits.
The slime creature hits you! You block the lemure's attack.
Unknown command.
You hit Pikel. You freeze Pikel.
You kill Pikel!
The Council accepts your kill.
With Pikel's spell broken, his former minions thank you for their freedom.
The lemure departs this earthly plane. x4; The slime creature hits you!
* * * LOW HITPOINT WARNING * * *
The slime creature hits you!
* * * LOW HITPOINT WARNING * * *
The slime creature hits you.
You die...

... .. ... ... ...
......
#......##'###'###'#####
#......#...............#
+......+.§.§...........#
#......#JJJ§...........#
#......#J@# ##+##..##..#
#......#.§###..##$.##..#
#......#..(....5.......#
#...<..#...)..)).......#
+......#...)...........#
#
#......#..#######..##..#
#
#......#####...##..##..#
#
#......#..#.....#......#
#
#......'..'.....#......#


You could see 4 slime creatures.

Vanquished Creatures
  Gastronok (D:8)
  Pikel (D:9)
  Maggie (D:9)
  A troll (D:7)
  10 yaks
  A wyvern (D:9)
  2 steam dragons (D:7)
  Menkaure (D:5)
  2 water moccasins
  Duvessa (D:4)
  2 ice beasts
  An orc warrior (D:9)
  A black bear (D:5)
  2 ogres
  2 phantoms (D:6)
  3 kobold brigands
  3 elf zombies (Ossuary)
  3 bullfrogs
  3 scorpions
  Dowan (D:4)
  2 howler monkeys (D:8)
  A centaur zombie (Ossuary)
  2 hounds
  8 orc priests
  A centaur skeleton (D:3)
  A gnoll shaman (D:8)
  3 jellies
  2 iguanas
  6 orc wizards
  A scorpion zombie (D:3)
  2 mummies (Ossuary)
  8 adders
  4 gnolls (D:5)
  A shadow imp (D:8)
  3 adder zombies
  3 worms
  2 dart slugs
  39 orcs
  9 endoplasms
  2 giant cockroaches (D:2)
  5 goblins
  7 hobgoblins
  2 jackals (D:2)
  A quokka (D:3)
  3 ball pythons
  4 bats
  7 frilled lizards
  2 goblin zombies (Ossuary)
  11 hobgoblin zombies (Ossuary)
  4 jackal zombies (Ossuary)
  20 kobolds
  6 kobold zombies (Ossuary)
  8 orc zombies (Ossuary)
  A rat (D:1)
  A rat zombie (Ossuary)
224 creatures vanquished.

Vanquished Creatures (others)
  4 fungi
  A plant (D:9)
  3 withered plants (D:3)
8 creatures vanquished.

Grand Total: 232 creatures vanquished

Notes
Turn   | Place    | Note
-------+----------+-------------------------------------------
     0 | D:1      | experimilk the Palentonga Fighter began the quest for the
                  | Orb.
     0 | D:1      | Reached XP level 1. HP: 19/19 MP: 1/1
   145 | D:1      | Reached XP level 2. HP: 25/25 MP: 2/2
   185 | D:1      | Reached skill level 3 in Maces & Flails
  1037 | D:2      | Reached XP level 3. HP: 31/31 MP: 3/3
  1392 | D:2      | Found a faded altar of an unknown god.
  1610 | D:2      | Reached skill level 4 in Maces & Flails
  2009 | D:3      | Reached XP level 4. HP: 30/37 MP: 4/4
  2273 | D:3      | Reached skill level 5 in Maces & Flails
  2431 | D:3      | Reached XP level 5. HP: 43/43 MP: 5/5
  2687 | D:3      | Reached skill level 6 in Maces & Flails
  3487 | D:4      | Reached XP level 6. HP: 36/50 MP: 4/6
  3717 | D:4      | Reached skill level 7 in Maces & Flails
  3967 | D:4      | Noticed Duvessa
  3967 | D:4      | Noticed Dowan
  3976 | D:4      | Killed Duvessa
  3977 | D:4      | Killed Dowan
  3978 | D:4      | Gained mutation: You curl defensively after being hit. (AC
                  | +7*) [Palentonga growth]
  3978 | D:4      | Reached XP level 7. HP: 47/55 MP: 4/7
  4234 | D:5      | Entered Level 5 of the Dungeon
  4241 | D:5      | Reached skill level 8 in Maces & Flails
  4257 | D:5      | Noticed Menkaure
  4259 | D:5      | Killed Menkaure
  4313 | D:5      | Reached skill level 9 in Maces & Flails
  4659 | D:5      | Found a sand-covered staircase.
  4664 | Ossuary  | Entered an ossuary
  4815 | Ossuary  | Reached XP level 8. HP: 58/62 MP: 6/8
  4980 | Ossuary  | Reached skill level 10 in Maces & Flails
  5632 | D:6      | Reached skill level 11 in Maces & Flails
  6194 | D:6      | Identified the +5 flail of Intuition {freeze, rPois rCorr}
  6571 | D:6      | Found a staircase to the Ecumenical Temple.
  6712 | D:6      | Found an ornate altar of the Wu Jian Council.
  6712 | D:6      | Found a shimmering altar of Xom.
  6774 | D:6      | Became a worshipper of the Wu Jian Council
  6853 | D:7      | Noticed a troll
  6916 | D:7      | Reached XP level 9. HP: 57/67 MP: 6/9
  6917 | D:7      | Reached skill level 12 in Maces & Flails
  7592 | D:7      | Killed a troll
  7927 | D:7      | Reached skill level 13 in Maces & Flails
  8601 | D:8      | Reached skill level 14 in Maces & Flails
  8697 | D:8      | Noticed Gastronok
  8706 | D:8      | Killed Gastronok
  8707 | D:8      | Reached XP level 10. HP: 56/75 MP: 7/10
  8861 | D:8      | Reached * piety under Wu Jian
  9126 | D:8      | Found Ofifuxuj's Antique Armour Emporium.
  9132 | D:8      | Bought a shiny tower shield for 195 gold pieces
 10244 | D:9      | Found a staircase to the Lair.
 10623 | D:9      | Noticed Maggie
 10626 | D:9      | Killed Maggie
 10688 | D:9      | Reached skill level 5 in Fighting
 10689 | D:9      | Reached skill level 5 in Evocations
 10691 | D:9      | Noticed Pikel
 10699 | D:9      | Killed Pikel
 10699 | D:9      | HP: 3/79 [slime creature (13)]
 10699 | D:9      | Slain by a slime creature

Illustrated notes

Levels and vault maps discovered:
D:1:      evilmike_arrival_crescent, layout_rooms
D:2:      minmay_skewed_foursquare, layout_rooms,
          chequers_ecumenical_altar_simple_redux, minmay_split_cup_small
D:3:      layout_loops_corners, serial_undead, serial_undead_f, serial_undead_a,
          serial_undead_c, serial_undead_c, minivault_27
D:4:      dreamdust_elfheim, layout_loops_ring, nicolae_underground_beach
D:5:      layout_cave_pools, enter_ossuary_2, minmay_crystal_water,
          uniq_menkaure
D:6:      layout_basic, mainiacjoe_overflow_divided_tiny,
          minmay_temple_entry_mist, minivault_22
D:7:      kennysheep_steamy, layout_basic, eino_small_chamber_without_monster,
          uniq_duvessa
D:8:      layout_loops_corners, serial_shops, shop, dreamdust_gnoll_shepherd,
          uniq_gastronok
D:9:      layout_gridville, dpeg_oklobed_lair, uniq_maggie, uniq_pikel

Skill      XL: |  1  2  3  4  5  6  7  8  9 10 |
---------------+-------------------------------+-----
Maces & Flails | 3 4 5 6 7 9 11 14 | 14.0
Armour         | 3 4 |  4.1
Evocations     | 3 5 |  5.0
Fighting       | 5 |  5.0
Shields        | 3 |  3.1

Action                   |  1- 3 |  4- 6 |  7- 9 | 10-12 || total
-------------------------+-------+-------+-------+-------++-------
Melee: Flail             |   113 |   105 |   294 |    81 ||   593
       Tailslap          |    15 |     8 |    39 |    10 ||    72
Throw: Dart              |       |       |    16 |     3 ||    19
Invok: Lunge             |       |       |     1 |       ||     1
       Whirlwind         |       |       |       |     2 ||     2
 Abil: Rolling Charge    |    29 |    17 |    52 |    17 ||   115
Evoke: Wand              |       |     2 |     8 |     1 ||    11
       Condenser vane    |       |       |       |     1 ||     1
  Use: Scroll            |       |     1 |     7 |       ||     8
       Potion            |       |     1 |     1 |     5 ||     7
 Stab: Paralysed         |       |       |     2 |     1 ||     3
       Confused          |       |       |       |     1 ||     1
Armor: Scale mail        |    33 |       |       |       ||    33
       Ring mail         |    12 |    35 |    81 |     5 ||   133
Dodge: Dodged            |    25 |    46 |    84 |    10 ||   165
Block: Buckler           |    15 |    17 |    33 |     2 ||    67
       Tower shield      |       |       |       |    21 ||    21

Table legend: (Time is in decaauts)
 A = Elapsed time spent in this place.
 B = Non-inter-level travel time spent in this place.
 C = Inter-level travel time spent in this place.
 D = Time resting spent in this place.
 E = Time spent auto-exploring this place.
 F = Levels seen in this place.
 G = Mean time per level.
                   A        B        C        D        E       F      G
               +--------+--------+--------+--------+--------+-----+--------+
         Total |  10748 |  10092 |    656 |   3941 |   3033 |  10 | 1074.8 |
       Dungeon |  10333 |   9677 |    656 |   3839 |   3033 |   9 | 1148.1 |
       Ossuary |    415 |    415 |      0 |    102 |      0 |   1 |  415.0 |
               +--------+--------+--------+--------+--------+-----+--------+

Top non-repeatable levels by time:
     D:3: 1771 daAuts
     D:7: 1391 daAuts
     D:6: 1378 daAuts
     D:8: 1325 daAuts
     D:4: 1120 daAuts
     D:9: 1084 daAuts
     D:2: 842 daAuts
     D:1: 805 daAuts
     D:5: 612 daAuts
 Ossuary: 415 daAuts
